ITL
TUSCALOOSA TROUT SLAYERS @ AMARILLO ARCHDUKES
08/05/2027
 
TOP OF THE 1ST
Tuscaloosa Trout Slayers batting - Pitching for Amarillo Archdukes : RHP Dalton Ray
Pitching: RHP Dalton Ray
Batting: RHB Lowie van den Bogaert 0-0: Ball
1-0: Foul Ball, location: 2F
1-1: Ball
2-1: Foul Ball, location: 2F
2-2: SINGLE (Groundball, 6MD)
Batting: RHB Pat Fullerton 0-0: Ball
Lowie van den Bogaert is caught stealing 2nd base
1-0: Foul Ball, location: 2F
1-1: Ball
2-1: Fly out, F2 (Popup, 2L)
Batting: LHB António Cedeño 0-0: Called Strike
0-1: Ground out U3 (Groundball, 3)
Top of the 1st over - 0 run(s), 1 hit(s), 0 error(s), 0 left on base; Tuscaloosa 0 - Amarillo 0
BOTTOM OF THE 1ST
Amarillo Archdukes batting - Pitching for Tuscaloosa Trout Slayers : RHP Jesús Zapata
Pitching: RHP Jesús Zapata
Batting: RHB José Ruíz 0-0: Ground out 5-3 (Groundball, 5)
Batting: RHB Jorge Espinosa 0-0: Fly out, F4 (Line Drive, 4)
Batting: RHB Gil Watcham 0-0: Called Strike
0-1: Ball
1-1: Swinging Strike
1-2: Strikes out swinging
Bottom of the 1st over - 0 run(s), 0 hit(s), 0 error(s), 0 left on base; Tuscaloosa 0 - Amarillo 0
TOP OF THE 2ND
Tuscaloosa Trout Slayers batting - Pitching for Amarillo Archdukes : RHP Dalton Ray
Batting: RHB Ben Morton 0-0: Ball
1-0: Reached on error, E4 (Groundball, 4)
Batting: LHB Marcos Villarreal 0-0: Ball
1-0: Swinging Strike
1-1: Ball
2-1: Swinging Strike
Ben Morton steals 2nd base
2-2: Foul Ball, location: 2F
2-2: SINGLE (Line Drive, 8LS)
Ben Morton to third
Batting: LHB Ed Hart 0-0: Ball
1-0: Foul Ball, location: 2F
1-1: Fielders Choice at 2nd, 1-6 (Groundball, 13S)
Batting: RHB Jason Saunders 0-0: Called Strike
0-1: Ball
1-1: Foul Ball, location: 2F
1-2: Strikes out looking
Batting: SHB Tucker Thomas 0-0: Ball
1-0: Called Strike
1-1: Swinging Strike
1-2: Ball
2-2: Foul Ball, location: 2F
2-2: Ball
3-2: Strikes out swinging
Top of the 2nd over - 0 run(s), 1 hit(s), 1 error(s), 2 left on base; Tuscaloosa 0 - Amarillo 0
BOTTOM OF THE 2ND
Amarillo Archdukes batting - Pitching for Tuscaloosa Trout Slayers : RHP Jesús Zapata
Batting: RHB Norm Francis 0-0: Foul Ball, location: 2F
0-1: Ball
1-1: Foul Ball, location: 2F
1-2: Ball
2-2: Ball
3-2: Strikes out swinging
Batting: LHB Edwin Ryan 0-0: Called Strike
0-1: Ball
1-1: Foul Ball, location: 2F
1-2: Ground out 6-3 (Groundball, 6)
Batting: LHB Héctor Martínez 0-0: Fly out, F6 (Popup, 6)
Bottom of the 2nd over - 0 run(s), 0 hit(s), 0 error(s), 0 left on base; Tuscaloosa 0 - Amarillo 0
TOP OF THE 3RD
Tuscaloosa Trout Slayers batting - Pitching for Amarillo Archdukes : RHP Dalton Ray
Batting: RHB Tetsunori Ito 0-0: SINGLE (Groundball, 34D)
Batting: RHB Lowie van den Bogaert 0-0: Ball
1-0: Ball
2-0: Sac Bunt - play at first, batter OUT! 5-3
Tetsunori Ito to second
Batting: RHB Pat Fullerton 0-0: Called Strike
0-1: Swinging Strike
0-2: Ball
1-2: Ball
2-2: Strikes out swinging
Batting: LHB António Cedeño 0-0: DOUBLE (Flyball, 8LXD)
Tetsunori Ito scores
Batting: RHB Ben Morton 0-0: Called Strike
0-1: Fly out, F9 (Line Drive, 9)
Top of the 3rd over - 1 run(s), 2 hit(s), 0 error(s), 1 left on base; Tuscaloosa 1 - Amarillo 0
BOTTOM OF THE 3RD
Amarillo Archdukes batting - Pitching for Tuscaloosa Trout Slayers : RHP Jesús Zapata
Batting: RHB José Tamayo 0-0: Foul Ball, location: 2F
0-1: Ball
1-1: Ball
2-1: Ground out 5-3 (Groundball, 56)
Batting: RHB Herb Bunch 0-0: SINGLE (Line Drive, 89S)
Batting: RHB Juan Barrera 0-0: Foul Ball, location: 2F
0-1: Ball
1-1: Ground out 4-3 (Groundball, 4MS)
Herb Bunch to second
Batting: RHB José Ruíz 0-0: Called Strike
0-1: Ground out 5-3 (Groundball, 56)
Bottom of the 3rd over - 0 run(s), 1 hit(s), 0 error(s), 1 left on base; Tuscaloosa 1 - Amarillo 0
TOP OF THE 4TH
Tuscaloosa Trout Slayers batting - Pitching for Amarillo Archdukes : RHP Dalton Ray
Batting: LHB Marcos Villarreal 0-0: Swinging Strike
0-1: Ground out U3 (Groundball, 34)
Batting: LHB Ed Hart 0-0: Ball
1-0: Swinging Strike
1-1: Ground out U3 (Groundball, 3)
Batting: RHB Jason Saunders 0-0: Called Strike
0-1: Ball
1-1: Ball
2-1: Ball
3-1: Fly out, F9 (Flyball, 9)
Top of the 4th over - 0 run(s), 0 hit(s), 0 error(s), 0 left on base; Tuscaloosa 1 - Amarillo 0
BOTTOM OF THE 4TH
Amarillo Archdukes batting - Pitching for Tuscaloosa Trout Slayers : RHP Jesús Zapata
Batting: RHB Jorge Espinosa 0-0: Called Strike
0-1: Foul Ball, location: 2F
0-2: Foul Ball, location: 2F
0-2: Foul Ball, location: 2F
0-2: Ball
1-2: Fly out, F9 (Line Drive, 9LM)
Batting: RHB Gil Watcham 0-0: Ball
1-0: Ball
2-0: Swinging Strike
2-1: Swinging Strike
2-2: Strikes out swinging
Batting: RHB Norm Francis 0-0: Called Strike
0-1: Fly out, F8 (Line Drive, 8LM)
Bottom of the 4th over - 0 run(s), 0 hit(s), 0 error(s), 0 left on base; Tuscaloosa 1 - Amarillo 0
TOP OF THE 5TH
Tuscaloosa Trout Slayers batting - Pitching for Amarillo Archdukes : RHP Dalton Ray
Batting: SHB Tucker Thomas 0-0: Ball
1-0: SINGLE (Line Drive, 4MD)
Batting: RHB Tetsunori Ito 0-0: Ball
1-0: Foul Ball, location: 2F
1-1: Ball
2-1: Foul Ball, location: 2F
2-2: Ball
3-2: DOUBLE (Flyball, 89M)
Tucker Thomas to third
Batting: RHB Lowie van den Bogaert 0-0: Ball
1-0: Called Strike
1-1: Foul Ball, location: 2F
1-2: Foul Ball, location: 2F
1-2: Ground out 6-3 (Groundball, 6)
Tucker Thomas scores
Batting: RHB Pat Fullerton 0-0: Called Strike
0-1: Ball
1-1: Called Strike
1-2: Foul Ball, location: 2F
1-2: Foul Ball, location: 2F
1-2: Strikes out looking
Batting: LHB António Cedeño 0-0: DOUBLE (Line Drive, 9LS)
Tetsunori Ito scores
Batting: RHB Ben Morton 0-0: Called Strike
0-1: Ball
1-1: Ground out 5-3 (Groundball, 56S)
Top of the 5th over - 2 run(s), 3 hit(s), 0 error(s), 1 left on base; Tuscaloosa 3 - Amarillo 0
BOTTOM OF THE 5TH
Amarillo Archdukes batting - Pitching for Tuscaloosa Trout Slayers : RHP Jesús Zapata
Batting: LHB Edwin Ryan 0-0: Ball
1-0: SINGLE (Line Drive, 9S)
Batting: LHB Héctor Martínez 0-0: Ball
1-0: Foul Ball, location: 2F
1-1: Ball
2-1: Called Strike
2-2: 2-RUN HOME RUN (Flyball, 78XD), Distance : 377 ft
Batting: RHB José Tamayo 0-0: Ball
1-0: Ball
2-0: Fly out, F9 (Flyball, 9LMF)
Batting: RHB Herb Bunch 0-0: Ground out 4-3 (Groundball, 34)
Batting: RHB Juan Barrera 0-0: Fly out, F9 (Flyball, 9LM)
Bottom of the 5th over - 2 run(s), 2 hit(s), 0 error(s), 0 left on base; Tuscaloosa 3 - Amarillo 2
TOP OF THE 6TH
Tuscaloosa Trout Slayers batting - Pitching for Amarillo Archdukes : RHP Dalton Ray
Batting: LHB Marcos Villarreal 0-0: Ball
1-0: Swinging Strike
1-1: Ball
2-1: Swinging Strike
2-2: DOUBLE (Line Drive, 9LM)
Batting: LHB Ed Hart 0-0: Intentional Walk
Pitching: RHP Pedro Lara
Batting: RHB Jason Saunders 0-0: Ball
1-0: Foul Ball, location: 2F
1-1: Called Strike
1-2: Ball
2-2: Ball
3-2: Base on Balls
Marcos Villarreal to third
Ed Hart to second
Batting: SHB Tucker Thomas 0-0: Foul Ball, location: 2F
0-1: Foul Ball, location: 2F
0-2: GRAND SLAM HOME RUN (Flyball, 7D), Distance : 344 ft
Batting: RHB Tetsunori Ito 0-0: Ball
1-0: Fly out, F7 (Flyball, 7)
Batting: RHB Lowie van den Bogaert 0-0: Called Strike
0-1: Called Strike
0-2: Ball
1-2: Foul Ball, location: 2F
1-2: Ball
2-2: SINGLE (Flyball, 7S)
Batting: RHB Pat Fullerton 0-0: Called Strike
Lowie van den Bogaert steals 2nd base
0-1: Ball
1-1: Swinging Strike
1-2: Ball
2-2: Ball
3-2: Base on Balls
Batting: LHB António Cedeño 0-0: Foul Ball, location: 2F
0-1: Fielders Choice at 2nd, 3-6 (Groundball, 3D)
Lowie van den Bogaert to third
Batting: RHB Ben Morton 0-0: Ball
1-0: Foul Ball, location: 2F
1-1: Called Strike
1-2: Ball
2-2: SINGLE (Groundball, 56D)
Lowie van den Bogaert scores
António Cedeño to second
Batting: LHB Marcos Villarreal 0-0: Swinging Strike
0-1: Foul Ball, location: 2F
0-2: Ball
1-2: Ball
2-2: Strikes out looking
Top of the 6th over - 5 run(s), 4 hit(s), 0 error(s), 2 left on base; Tuscaloosa 8 - Amarillo 2
BOTTOM OF THE 6TH
Amarillo Archdukes batting - Pitching for Tuscaloosa Trout Slayers : RHP Jesús Zapata
Batting: RHB José Ruíz 0-0: Called Strike
0-1: Ground out 4-3 (Groundball, 34)
Batting: RHB Jorge Espinosa 0-0: Fly out, F9 (Line Drive, 9LM)
Batting: RHB Gil Watcham 0-0: Ball
1-0: Fly out, F4 (Line Drive, 4D)
Bottom of the 6th over - 0 run(s), 0 hit(s), 0 error(s), 0 left on base; Tuscaloosa 8 - Amarillo 2
TOP OF THE 7TH
Tuscaloosa Trout Slayers batting - Pitching for Amarillo Archdukes : RHP Pedro Lara
Batting: LHB Ed Hart 0-0: Ball
1-0: Ball
2-0: Ball
3-0: Called Strike
3-1: Called Strike
3-2: Base on Balls
Pitching: LHP Glenn Dunn
Batting: RHB Jason Saunders 0-0: Ball
1-0: Called Strike
1-1: Called Strike
1-2: Foul Ball, location: 2F
1-2: Foul Ball, location: 2F
1-2: SINGLE (Line Drive, 34)
Ed Hart to second
Batting: SHB Tucker Thomas 0-0: 3-RUN HOME RUN (Flyball, 89XD), Distance : 392 ft
Batting: RHB Tetsunori Ito 0-0: Called Strike
0-1: Ball
1-1: Ball
2-1: Swinging Strike
2-2: Foul Ball, location: 2F
2-2: Ground out 4-3 (Groundball, 4)
Batting: RHB Lowie van den Bogaert 0-0: Called Strike
0-1: Foul Ball, location: 2F
0-2: Ball
1-2: Ball
2-2: SINGLE (Flyball, 9LS)
Batting: RHB Pat Fullerton 0-0: Foul Ball, location: 2F
0-1: Foul Ball, location: 2F
0-2: Ball
1-2: Fly out, F9 (Flyball, 89M)
Batting: LHB António Cedeño 0-0: Called Strike
0-1: Ball
1-1: SINGLE (Groundball, 6MD)
Lowie van den Bogaert to second
Runner from 2nd tries for 3rd, SAFE, no throw
Batting: RHB Ben Morton 0-0: Ball
1-0: Ball
2-0: Swinging Strike
2-1: Ball
3-1: Swinging Strike
3-2: Base on Balls
António Cedeño to second
Batting: LHB Marcos Villarreal 0-0: Swinging Strike
0-1: Swinging Strike
0-2: SINGLE (Line Drive, 7LM)
Lowie van den Bogaert scores
António Cedeño to third
Ben Morton to second
Batting: LHB Ed Hart 0-0: Foul Ball, location: 2F
0-1: Foul Ball, location: 2F
0-2: SINGLE (Groundball, 34D)
António Cedeño scores
Ben Morton to third
Marcos Villarreal to second
Runner from 3rd tries for Home, SAFE, throw made home
Pitching: RHP Jeff Lawson
Batting: RHB Jason Saunders 0-0: Called Strike
0-1: Foul Ball, location: 2F
0-2: Ball
1-2: Ball
2-2: Strikes out swinging
Top of the 7th over - 6 run(s), 6 hit(s), 0 error(s), 2 left on base; Tuscaloosa 14 - Amarillo 2
BOTTOM OF THE 7TH
Amarillo Archdukes batting - Pitching for Tuscaloosa Trout Slayers : RHP Jesús Zapata
Batting: RHB Norm Francis 0-0: Ball
1-0: Called Strike
1-1: Ground out 1-3 (Groundball, P)
Batting: LHB Edwin Ryan 0-0: Ball
1-0: Swinging Strike
1-1: Fly out, F8 (Flyball, 8LM)
Batting: LHB Héctor Martínez 0-0: Called Strike
0-1: Ball
1-1: Ball
2-1: Called Strike
2-2: Strikes out looking
Bottom of the 7th over - 0 run(s), 0 hit(s), 0 error(s), 0 left on base; Tuscaloosa 14 - Amarillo 2
TOP OF THE 8TH
Tuscaloosa Trout Slayers batting - Pitching for Amarillo Archdukes : RHP Jeff Lawson
Batting: SHB Tucker Thomas 0-0: Ball
1-0: Called Strike
1-1: Ball
2-1: Called Strike
2-2: Foul Ball, location: 2F
2-2: Ball
3-2: Base on Balls
Batting: RHB Tetsunori Ito 0-0: Called Strike
0-1: Ball
1-1: Swinging Strike
1-2: Foul Ball, location: 2F
1-2: Strikes out looking
Batting: RHB Lowie van den Bogaert 0-0: Ball
1-0: Called Strike
1-1: Ball
2-1: SINGLE (Line Drive, 34D)
Tucker Thomas to second
Batting: RHB Pat Fullerton 0-0: Ball
1-0: Fly out, F8 (Flyball, 8LD)
Runner from 2nd tags up, SAFE at 3rd, no throw
Batting: LHB António Cedeño 0-0: Fly out, F7 (Flyball, 78M)
Top of the 8th over - 0 run(s), 1 hit(s), 0 error(s), 2 left on base; Tuscaloosa 14 - Amarillo 2
BOTTOM OF THE 8TH
Amarillo Archdukes batting - Pitching for Tuscaloosa Trout Slayers : RHP Jesús Zapata
Batting: RHB José Tamayo 0-0: Reached via error on a dropped throw, E3
Batting: RHB Herb Bunch 0-0: Ball
1-0: Grounds into double play, 6-4-3 (Groundball, 6)
Batting: RHB Juan Barrera 0-0: Foul Ball, location: 2F
0-1: Ground out U3 (Groundball, 34)
Bottom of the 8th over - 0 run(s), 0 hit(s), 1 error(s), 0 left on base; Tuscaloosa 14 - Amarillo 2
TOP OF THE 9TH
Tuscaloosa Trout Slayers batting - Pitching for Amarillo Archdukes : RHP Jeff Lawson
Batting: RHB Ben Morton 0-0: Ball
1-0: Ground out 6-3 (Groundball, 6S)
Batting: LHB Marcos Villarreal 0-0: Ball
1-0: Called Strike
1-1: Fly out, F5 (Popup, 56)
Batting: LHB Ed Hart 0-0: Ball
1-0: Foul Ball, location: 2F
1-1: SINGLE (Line Drive, 34)
Batting: RHB Jason Saunders 0-0: Ball
1-0: Ball
2-0: Swinging Strike
2-1: Swinging Strike
2-2: Strikes out swinging, 2-3 out at first.
Top of the 9th over - 0 run(s), 1 hit(s), 0 error(s), 1 left on base; Tuscaloosa 14 - Amarillo 2
BOTTOM OF THE 9TH
Amarillo Archdukes batting - Pitching for Tuscaloosa Trout Slayers : RHP Jesús Zapata
Now in LF: Kurt Walter
Batting: RHB José Ruíz 0-0: Ground out 4-3 (Groundball, 4)
Pinch Hitting: LHB Michael Cook 0-0: SINGLE (Groundball, 3D)
Batting: RHB Gil Watcham 0-0: Ball
1-0: Ball
2-0: Ball
3-0: Called Strike
3-1: SINGLE (Groundball, 34D)
Michael Cook to second
Runner from 2nd tries for 3rd, SAFE, no throw
Batting: RHB Norm Francis 0-0: Called Strike
0-1: Fielders Choice at 2nd, 5-4 (Groundball, 56)
Michael Cook scores
Batting: LHB Edwin Ryan 0-0: Called Strike
0-1: Ball
1-1: Ball
2-1: Called Strike
2-2: 2-RUN HOME RUN (Flyball, 89XD), Distance : 372 ft
Batting: LHB Héctor Martínez 0-0: Foul Ball, location: 2F
0-1: Ball
1-1: Called Strike
1-2: DOUBLE (Line Drive, 9LD)
Batting: RHB José Tamayo 0-0: Called Strike
0-1: Ball
1-1: Fly out, F8 (Flyball, 8LM)
Bottom of the 9th over - 3 run(s), 4 hit(s), 0 error(s), 1 left on base; Tuscaloosa 14 - Amarillo 5
Thursday, March 30th, 2017 - OOTP Baseball 17.12 Build 75